[Event "Saturday Night Engine Tour 7 Rd Swiss 12m+1s Starts at 2200hrs ST"]
[Site "Infinity Chess"]
[Date "2018.1.6"]
[Round "5"]
[White "OlivierEvan"]
[Black "incredible"]
[Result "0-1"]
[ECO "A07"]
[WhiteElo "2354"]
[BlackElo "2462"]
[WhiteEngine "Houdini 6"]
[BlackEngine "stockfish_18010422_x64_bmi2"]
[EventType "Swiss"]
[WhiteTeam ""]
[BlackTeam ""]
[PlyCount "484"]
[TimeControl "720+1"]

1. Nf3 d5 2. g3 g6 3. d4 Nf6 4. Bg2 Bg7 5. c4 c6 6. O-O dxc4 7. a4 Ne4 
8. Qc2 Nd6 9. e4 Na6 10. Na3 Be6 11. Bd2 O-O 12. Bc3 f6 13. Qe2 Nc7 14. Rfe1 Rc8 
15. Rad1 Qd7 16. Nd2 b5 17. axb5 cxb5 18. Qf1 Bf7 19. Nc2 f5 20. e5 Nde8 
21. Ra1 Nd5 22. f4 Ra8 23. Ba5 Nec7 24. Qf2 Rfc8 25. Nf1 Bf8 26. Red1 e6 
27. Qd2 a6 28. h3 h6 29. Kh2 Kh7 30. Re1 Be7 31. Nfe3 Nxe3 32. Nxe3 Nd5 
33. Ra2 Rab8 34. Bxd5 exd5 35. Bb4 Bxb4 36. Qxb4 Rc6 37. Nc2 Qb7 38. Ra3 Be6 
39. Rea1 Rb6 40. Kh1 Rg8 41. Kg2 g5 42. Rf3 Bc8 43. Ne3 gxf4 44. Rxf4 Qg7 
45. Nf1 Qg5 46. Kh2 Rbg6 47. Qd2 b4 48. Qf2 b3 49. Qe3 Rc6 50. Qf3 Rg7 
51. Qc3 Rcg6 52. Qe3 Rc6 53. Qc3 Bd7 54. Qe1 Be6 55. Rc1 Qh5 56. Rh4 Qg6 
57. Rf4 Ra7 58. Nd2 Rc8 59. Nb1 a5 60. Na3 Rb8 61. Qe3 Rg7 62. Rc3 a4 
63. Qe2 Rc8 64. Qf3 Rcg8 65. Re3 Qg5 66. Qf2 Rb8 67. Ref3 Qe7 68. Rh4 Rbg8 
69. Rhf4 Qg5 70. Re3 Rf8 71. Qe1 Ra8 72. Ref3 Qd8 73. Rc3 Qa5 74. Rh4 Rg5 
75. Qe2 Qb4 76. Qf3 Qe7 77. Rf4 Rgg8 78. Qh5 Qg7 79. Qd1 Rac8 80. Qf1 Qg6 
81. Kg2 Rb8 82. Kg1 Rb7 83. Qe1 Rbg7 84. Kg2 Kh8 85. Rcf3 Kh7 86. Qf2 Qe8 
87. Qe1 Qc6 88. Rh4 Rg6 89. Kh2 Ra8 90. Qb4 Qe8 91. Rhf4 Qd7 92. Nb1 Qd8 
93. Qe1 Kg7 94. Na3 Qb6 95. Qa1 Qb4 96. Rc3 Kh7 97. Qd1 Rg7 98. Qf1 Rag8 
99. Rh4 Rg5 100. Rf4 R5g6 101. Rh4 Rg5 102. Qf4 Qb7 103. Rf3 Qd7 104. Qd2 Qg7 
105. Qe1 Qb7 106. Qa5 R5g6 107. Rhf4 R6g7 108. Nb1 Qa7 109. Qb4 Rg6 110. Rh4 Rg5 
111. Na3 h5 112. Qe1 Qb7 113. Re3 Qc6 114. Qa5 Qe8 115. Rf3 R5g7 116. Nb1 Qg6 
117. Qe1 Qg5 118. Na3 Kh8 119. Qe2 Qg6 120. Qe1 Rc8 121. Qb4 Qh6 122. Qe1 Qg6 
123. Qb4 Qh6 124. Qe1 Rcg8 125. Qf2 Ra7 126. Qe1 Qg6 127. Qc3 Rag7 128. Qe1 Kh7 
129. Nb1 Qg5 130. Qe2 Kh8 131. Na3 Rb7 132. Qe1 Rgg7 133. Rff4 Rb8 134. Rf3 Rc7 
135. Qc3 Rg7 136. Qe1 Ra8 137. Rff4 Qg6 138. Rf3 Qg5 139. Rff4 Kh7 140. Rf3 Rc8 
141. Nb5 Qg6 142. Na3 Qg5 143. Nb5 Kh8 144. Na3 Ra7 145. Nb5 Rh7 146. Qc3 Rb8 
147. Na3 Rf8 148. Rff4 Rg8 149. Qe3 Rg6 150. Rf3 Qxe3 151. Rxe3 Kg7 152. Kg2 Kf7 
153. Rf3 Ke7 154. Nb1 Kd7 155. Kf2 Rg5 156. Ke3 Rhg7 157. Kf4 Kc6 158. Rc3 Kb6 
159. Rf3 Kb5 160. Rc3 Kc6 161. Re3 Kb5 162. Rc3 Bd7 163. Re3 Kc6 164. Rf3 Rg8 
165. Rc3 Kb6 166. Rf3 Kc6 167. Rc3 Kb7 168. Re3 Be6 169. Na3 Ka6 170. Nb1 Ka5 
171. Na3 Ka6 172. Nb1 R8g6 173. Rf3 Rg7 174. Na3 Kb7 175. Rc3 Kc6 176. Nb1 R7g6 
177. Re3 Kd7 178. Na3 Kc8 179. Nb1 Kb7 180. Rc3 Kc6 181. Re3 Bc8 182. Na3 Bd7 
183. Nb1 Be6 184. Rc3 Kb5 185. Re3 Kc6 186. Rc3 Kb7 187. Rf3 Rg7 188. Rc3 Kc6 
189. Re3 Bd7 190. Rf3 Kb7 191. Rc3 Kc8 192. Rf3 Be8 193. Re3 Kd7 194. Na3 Bf7 
195. Rc3 Rg8 196. Re3 Ke6 197. Nb5 R5g7 198. Nc7+ Kd7 199. Nb5 a3 200. Nxa3 Ra8 
201. Nb5 Ra2 202. Re2 Ra1 203. Kf3 Rd1 204. Rg2 Rd3+ 205. Kf2 Rg8 206. Nc3 Ra8 
207. Kg1 Ra1+ 208. Kh2 Rc1 209. Rf4 Be6 210. Na4 Ke7 211. Rh4 Rc2 212. Rf4 Rd1 
213. Nc3 Rdd2 214. Rxd2 Rxd2+ 215. Kg1 Rxb2 216. Rf2 Rxf2 217. Kxf2 f4 
218. Kf3 fxg3 219. Kxg3 b2 220. Kf4 Kf7 221. h4 Bg4 222. Kg5 Ke6 223. Kf4 Bf5 
224. Ke3 b1=Q 225. Nxb1 Bxb1 226. Kd2 Bg6 227. Ke2 c3 228. Ke3 Bb1 229. Ke2 Bc2 
230. Ke1 Kf5 231. Kf2 Ba4 232. Ke1 Ke4 233. Ke2 Kxd4 234. e6 Bb5+ 235. Kd1 Kd3 
236. e7 c2+ 237. Kc1 Be8 238. Kb2 Kd2 239. Kb3 c1=Q 240. Ka2 Ke3 241. Kb3 d4 
242. Ka2 Bf7# 0-1

[Event "Saturday Night Engine Tour 7 Rd Swiss 12m+1s Starts at 2200hrs ST"]
[Site "Infinity Chess"]
[Date "2018.1.6"]
[Round "5"]
[White "Dovahkiin"]
[Black "MGR"]
[Result "0-1"]
[ECO "A00"]
[WhiteElo "2380"]
[BlackElo "2461"]
[WhiteEngine "BrainFish_180106_x64_modern_CTG"]
[BlackEngine "asmFishW_2017-11-19_bmi2"]
[EventType "Swiss"]
[WhiteTeam ""]
[BlackTeam ""]
[PlyCount "156"]
[TimeControl "720+1"]

1. e3 e5 2. e4 Nf6 3. Nc3 Bb4 4. a3 Bxc3 5. dxc3 O-O 6. Bg5 d6 7. Qf3 Nbd7 
8. Ne2 Qe8 9. Ng3 Kh8 10. O-O-O a6 11. Kb1 b5 12. h4 Rb8 13. Nf5 Qe6 14. Qe3 d5 
15. f3 dxe4 16. fxe4 Bb7 17. Bd3 Ng4 18. Qd2 f6 19. Be3 Nxe3 20. Qxe3 Qb6 
21. Qe1 Nc5 22. h5 Rf7 23. Rf1 h6 24. Qe3 Rd7 25. Be2 Rbd8 26. Nxh6 Rxd1+ 
27. Bxd1 Rd7 28. Nf5 Nxe4 29. Qxb6 cxb6 30. Kc1 Bc8 31. Bg4 Rc7 32. Ne3 Bxg4 
33. Nxg4 Kh7 34. Rd1 Ng3 35. Rd3 Nxh5 36. Rd6 Rc4 37. Ne3 Re4 38. Nd5 Nf4 
39. Nxf4 exf4 40. Kd2 Kg6 41. Rxb6 Kf5 42. Rd6 g5 43. Rxa6 Re3 44. Ra5 Kg4 
45. a4 bxa4 46. Ra6 Rg3 47. c4 Rxg2+ 48. Kc3 Kf5 49. Ra5+ Kg6 50. Rxa4 f3 
51. Kd3 Rg1 52. Ke3 g4 53. c5 Kg5 54. c6 Re1+ 55. Kd2 f2 56. c7 Re8 57. Ra5+ Kg6 
58. Ra1 g3 59. c8=Q Rxc8 60. Ke2 Re8+ 61. Kf3 Re1 62. Kxg3 Rxa1 63. Kxf2 Rc1 
64. c3 Rc2+ 65. Ke3 f5 66. Kd3 Rxb2 67. c4 f4 68. Ke4 Kg5 69. c5 Rc2 
70. Kd3 Rxc5 71. Ke4 Rf5 72. Kf3 Re5 73. Kf2 Kg4 74. Kg2 Re3 75. Kh2 Re2+ 
76. Kg1 f3 77. Kh1 Kg3 78. Kg1 Re1# 0-1

[Event "Saturday Night Engine Tour 7 Rd Swiss 12m+1s Starts at 2200hrs ST"]
[Site "Infinity Chess"]
[Date "2018.1.6"]
[Round "5"]
[White "koalachess"]
[Black "KillBill2017"]
[Result "1/2-1/2"]
[ECO "B22"]
[WhiteElo "2327"]
[BlackElo "2423"]
[WhiteEngine "stockfish_8_x64_CTG"]
[BlackEngine "Raubfisch ME262_GTZ16b1_CTG"]
[EventType "Swiss"]
[WhiteTeam ""]
[BlackTeam ""]
[PlyCount "188"]
[TimeControl "720+1"]

1. e4 c5 2. c3 Nf6 3. e5 Nd5 4. Nf3 d6 5. d4 cxd4 6. Qxd4 e6 7. exd6 Nc6 
8. Bb5 Bd7 9. Bxc6 Bxc6 10. O-O Qxd6 11. Rd1 Be7 12. Na3 Qc7 13. Qxg7 O-O-O 
14. Qxf7 Bxa3 15. Qxe6+ Kb8 16. bxa3 Rde8 17. Qf5 Nxc3 18. Bh6 Bxf3 
19. Qxf3 Nxd1 20. Rxd1 Qe7 21. h3 Rd8 22. Rb1 Rd7 23. Be3 Rhd8 24. Qf4+ Ka8 
25. Qa4 a6 26. Rc1 Rd3 27. Bb6 Rh8 28. Qc2 Qd7 29. a4 Rxh3 30. gxh3 Rg8+ 
31. Kf1 Qxh3+ 32. Ke1 Rg1+ 33. Kd2 Qd7+ 34. Ke3 Rxc1 35. Qxc1 Qe6+ 36. Kf3 Qxb6 
37. Qe3 Qc6+ 38. Qe4 Qf6+ 39. Ke3 Qc3+ 40. Kf4 Qd2+ 41. Kg3 Qxa2 42. f4 Qg8+ 
43. Kh4 Qg7 44. f5 Qf6+ 45. Kh5 Kb8 46. Qf4+ Kc8 47. Qg5 Qf7+ 48. Kh6 b6 
49. f6 Kd7 50. Qg4+ Kd6 51. Qd4+ Kc6 52. Qe4+ Kd6 53. Qf5 b5 54. axb5 axb5 
55. Kg5 b4 56. Qf4+ Kc5 57. Qe5+ Kc4 58. Qe4+ Kc3 59. Qe5+ Kc2 60. Qe2+ Kc3 
61. Qe5+ Kc2 62. Qe2+ Kc3 63. Qe3+ Kc4 64. Qe4+ Kb3 65. Qe7 Qg6+ 66. Kf4 Qh6+ 
67. Ke5 Qe3+ 68. Kd5 Qd3+ 69. Ke5 Qb5+ 70. Kd6 Qa6+ 71. Kd7 Qb5+ 72. Kd6 Qa6+ 
73. Ke5 Qe2+ 74. Kd6 Qd3+ 75. Kc7 Qc4+ 76. Kd8 Qg8+ 77. Qe8 Qg5 78. Qe6+ Kb2 
79. Kd7 Qb5+ 80. Kd6 b3 81. f7 Ka2 82. Qe1 Qb6+ 83. Ke7 b2 84. f8=Q Qc5+ 
85. Ke8 Qxf8+ 86. Kxf8 b1=Q 87. Qa5+ Kb2 88. Qb6+ Ka1 89. Qd4+ Ka2 90. Qa7+ Kb2 
91. Qb6+ Ka1 92. Qd4+ Ka2 93. Qa4+ Kb2 94. Qd4+ Kc1 1/2-1/2

[Event "Saturday Night Engine Tour 7 Rd Swiss 12m+1s Starts at 2200hrs ST"]
[Site "Infinity Chess"]
[Date "2018.1.6"]
[Round "5"]
[White "MarioDeMonti"]
[Black "Tiger"]
[Result "1/2-1/2"]
[ECO "C50"]
[WhiteElo "2430"]
[BlackElo "2433"]
[WhiteEngine "stockfish_x64_bmi2_2017_12_26_CTG"]
[BlackEngine "BrainFish_171111_x64_bmi2"]
[EventType "Swiss"]
[WhiteTeam ""]
[BlackTeam ""]
[PlyCount "72"]
[TimeControl "720+1"]

1. e4 e5 2. Nf3 Nc6 3. Bc4 Bc5 4. O-O Nf6 5. d3 d6 6. c3 O-O 7. h3 a5 8. Nbd2 h6 
9. Re1 Be6 10. Bb5 Qb8 11. Nf1 Qa7 12. Re2 a4 13. Ng3 Qa5 14. Bxc6 bxc6 
15. Nh4 Rfe8 16. Re1 d5 17. exd5 Nxd5 18. Nhf5 Qb6 19. Qf3 Nf4 20. d4 Bf8 
21. dxe5 Ng6 22. Qh5 Ra5 23. Nd4 Bc5 24. Bxh6 Qxb2 25. Rad1 gxh6 26. Ne4 Kg7 
27. Nf6 Raa8 28. Qf3 Bxd4 29. cxd4 Qxa2 30. Qxc6 Red8 31. Qc1 a3 32. d5 Bxd5 
33. Nh5+ Kh7 34. Nf6+ Kg7 35. Nh5+ Kh7 36. Nf6+ Kg7 1/2-1/2

[Event "Saturday Night Engine Tour 7 Rd Swiss 12m+1s Starts at 2200hrs ST"]
[Site "Infinity Chess"]
[Date "2018.1.6"]
[Round "5"]
[White "RonWeasley"]
[Black "Thinker"]
[Result "1/2-1/2"]
[ECO "A00"]
[WhiteElo "2439"]
[BlackElo "2443"]
[WhiteEngine "BrainFish 261217_CTG"]
[BlackEngine "BrainFish_180106_x64_modern_CTG"]
[EventType "Swiss"]
[WhiteTeam ""]
[BlackTeam ""]
[PlyCount "97"]
[TimeControl "720+1"]

1. a3 e5 2. e3 d5 3. d4 exd4 4. exd4 Bd6 5. Nc3 Nf6 6. Nb5 Be7 7. Bf4 Na6 
8. Nc3 O-O 9. Nf3 Bd6 10. Be5 Re8 11. Bxa6 bxa6 12. O-O Bg4 13. Re1 c6 
14. Bxd6 Qxd6 15. Qd3 Bxf3 16. Qxf3 a5 17. Qg3 Qxg3 18. hxg3 g6 19. b3 h5 
20. f3 Rxe1+ 21. Rxe1 Re8 22. Rc1 Re7 23. Na4 Kg7 24. Kf2 Ne8 25. c4 dxc4 
26. Rxc4 Rb7 27. Nc5 Rb8 28. g4 hxg4 29. fxg4 Nd6 30. Ra4 Rb5 31. Ke3 Nc8 
32. Rc4 Nb6 33. Rc1 Nd5+ 34. Kf3 g5 35. g3 f6 36. Re1 Kf7 37. Rh1 Kg7 
38. Re1 Kf7 39. Rb1 Nc7 40. Ke4 Rb8 41. Rf1 Nd5 42. Kf3 Kg6 43. Re1 Kf7 
44. Rc1 Kg6 45. Rh1 Re8 46. Ne4 Rb8 47. Nc5 Re8 48. Ne4 Rb8 49. Nc5 1/2-1/2

[Event "Saturday Night Engine Tour 7 Rd Swiss 12m+1s Starts at 2200hrs ST"]
[Site "Infinity Chess"]
[Date "2018.1.6"]
[Round "5"]
[White "Vimtiroba"]
[Black "KULLANI"]
[Result "1/2-1/2"]
[ECO "C50"]
[WhiteElo "2447"]
[BlackElo "2444"]
[WhiteEngine "SF@17 T3_CTG"]
[BlackEngine "Raubfisch ME262_GTZ16b1._CTG"]
[EventType "Swiss"]
[WhiteTeam ""]
[BlackTeam ""]
[PlyCount "126"]
[TimeControl "720+1"]

1. e4 e5 2. Nf3 Nc6 3. Bc4 Bc5 4. O-O Nf6 5. d3 d6 6. c3 a5 7. Re1 h6 8. h3 O-O 
9. Bb5 Ba7 10. Nbd2 Ne7 11. d4 Ng6 12. Bd3 Nf4 13. Bc2 Nh7 14. Nc4 Qf6 
15. Bxf4 Qxf4 16. Re3 Qf6 17. Nxa5 Re8 18. b4 Nf8 19. Nb3 Ng6 20. a4 Be6 
21. Nc1 Nf4 22. Nd3 Ng6 23. Nde1 Nf4 24. Nd3 Ng6 25. Nde1 Nf4 26. a5 Bc4 
27. Rb1 c6 28. Qd2 b6 29. Ba4 Rec8 30. Bb3 Bxb3 31. Rxb3 bxa5 32. bxa5 exd4 
33. cxd4 Ne6 34. Rbd3 Re8 35. Nc2 Nf4 36. Rc3 c5 37. Kh2 cxd4 38. Ncxd4 Ne6 
39. Rc4 Nxd4 40. Nxd4 d5 41. exd5 Qd6+ 42. Kg1 Qxd5 43. Qc3 Rxe3 44. fxe3 Bxd4 
45. exd4 Qxa5 46. Qxa5 Rxa5 47. Kf2 Ra3 48. Rc8+ Kh7 49. d5 Kg6 50. Rc6+ f6 
51. Ke2 Rg3 52. Kf2 Rd3 53. d6 Kf5 54. Rc7 g5 55. Rh7 Rxd6 56. Rxh6 Ke5 
57. Kg3 Rd3+ 58. Kf2 f5 59. g3 f4 60. gxf4+ gxf4 61. Rh7 Rd2+ 62. Kf3 Rd3+ 
63. Ke2 Re3+ 1/2-1/2

[Event "Saturday Night Engine Tour 7 Rd Swiss 12m+1s Starts at 2200hrs ST"]
[Site "Infinity Chess"]
[Date "2018.1.6"]
[Round "5"]
[White "Deep_Impact"]
[Black "Coco69"]
[Result "1-0"]
[ECO "C55"]
[WhiteElo "2501"]
[BlackElo "2437"]
[WhiteEngine "BrainFish_171226_x64_modern"]
[BlackEngine "asmFishW_2017-11-19_popcnt_CTG"]
[EventType "Swiss"]
[WhiteTeam ""]
[BlackTeam ""]
[PlyCount "185"]
[TimeControl "720+1"]

1. e4 e5 2. Nf3 Nc6 3. Bc4 Nf6 4. d3 Bc5 5. O-O d6 6. c3 O-O 7. a4 a6 8. Bg5 h6 
9. Bh4 g5 10. Bg3 Ba7 11. Nbd2 Nh7 12. h3 h5 13. Kh1 Qf6 14. b4 Qg7 15. Qe2 Ne7 
16. d4 Ng6 17. dxe5 dxe5 18. Ne1 g4 19. Nd3 Ng5 20. f4 exf4 21. Bxf4 Ne6 
22. Bg3 Qxc3 23. Rac1 Qg7 24. h4 Nd4 25. Qe1 Be6 26. Bxe6 Nxe6 27. Nb3 Rae8 
28. Rf5 Qh6 29. Nbc5 Rd8 30. Qc3 c6 31. Re1 Ng7 32. Rf6 Bxc5 33. bxc5 Ne8 
34. Rf2 Qg7 35. Ne5 Nxe5 36. Bxe5 f6 37. Ref1 Rd7 38. Bd6 Nxd6 39. cxd6 Rxd6 
40. e5 Rd5 41. exf6 Qf7 42. Rf5 Rfd8 43. Rg5+ Rxg5 44. hxg5 Kh7 45. Qe5 Rf8 
46. Qd6 g3 47. Re1 Qc4 48. Qd7+ Kg6 49. Qg7+ Kf5 50. Qh7+ Kg4 51. Re4+ Qxe4 
52. Qxe4+ Kxg5 53. Qe5+ Kg6 54. Qxg3+ Kf5 55. Qg7 Rxf6 56. Qxb7 c5 57. Qc8+ Kg6 
58. g4 hxg4 59. Qxg4+ Kh7 60. Qe4+ Kh6 61. Qe3+ Kg6 62. Qxc5 Kf7 63. Qc4+ Ke7 
64. Kg1 Kd8 65. Qd4+ Ke7 66. Qc3 Kf7 67. Kh2 Ke6 68. Qc2 Kd7 69. Qh7+ Kd6 
70. Kh1 Ke5 71. Qc2 Kd5 72. Kg2 Rb6 73. Qc3 Rc6 74. Qb4 Rf6 75. Qb3+ Kd6 
76. Qc3 Ke6 77. Qd4 Kf7 78. Qd7+ Kg6 79. Kg3 Kg5 80. Qg4+ Kh6 81. Kh4 Kh7 
82. Qe4+ Kh6 83. a5 Rg6 84. Qe7 Rc6 85. Qg5+ Kh7 86. Kh5 Kh8 87. Qe5+ Kh7 
88. Qe4+ Rg6 89. Qxg6+ Kh8 90. Qg3 Kh7 91. Qc7+ Kh8 92. Kg6 Kg8 93. Qg7# 1-0

[Event "Saturday Night Engine Tour 7 Rd Swiss 12m+1s Starts at 2200hrs ST"]
[Site "Infinity Chess"]
[Date "2018.1.6"]
[Round "5"]
[White "SkyPilot"]
[Black "Victorious"]
[Result "1/2-1/2"]
[ECO "C53"]
[WhiteElo "2478"]
[BlackElo "2505"]
[WhiteEngine "stockfish_x64_bmi2_2018_01_01_CTG"]
[BlackEngine "Houdini 6"]
[EventType "Swiss"]
[WhiteTeam ""]
[BlackTeam ""]
[PlyCount "193"]
[TimeControl "720+1"]

1. e4 e5 2. Nf3 Nc6 3. Bc4 Bc5 4. c3 Nf6 5. d3 O-O 6. O-O d6 7. Bg5 h6 8. Bh4 g5 
9. Bg3 a6 10. Nbd2 Ba7 11. b4 b5 12. Bb3 a5 13. bxa5 Nxa5 14. Bc2 c5 15. Rb1 Rb8 
16. Re1 b4 17. c4 Nc6 18. Nf1 Bg4 19. Ne3 Bxf3 20. Qxf3 Nd4 21. Qd1 Bb6 
22. Rb2 Ra8 23. Ba4 Kg7 24. f3 Qc8 25. Rf1 Bd8 26. Bf2 Ra7 27. Nc2 Nxc2 
28. Bxc2 Qd7 29. g3 Rg8 30. Kh1 Kh7 31. Bg1 Nh5 32. Bb3 Ng7 33. f4 gxf4 
34. gxf4 Ne6 35. f5 Nf4 36. Be3 Bg5 37. Qf3 Qe7 38. Rg1 Qf6 39. Rbb1 Raa8 
40. Rbf1 Rad8 41. Bc1 Rb8 42. Rg4 Rg7 43. Rfg1 Rbg8 44. Bd1 Qe7 45. a4 bxa3 
46. Bxa3 Qa7 47. Bc1 Qa1 48. Be3 Qc3 49. Be2 Qb2 50. Bd1 Qa1 51. Be2 Qa2 
52. Bd1 Qb2 53. R4g3 Kh8 54. Rg4 Qc3 55. Be2 Kh7 56. Bf1 Qb2 57. Qd1 Qa3 
58. R1g3 Qc3 59. Qf3 Qe1 60. Rg1 Bf6 61. Rxg7+ Rxg7 62. Rxg7+ Bxg7 63. Bxf4 exf4 
64. Qxf4 Be5 65. Qf3 Kg7 66. Kg2 Qh4 67. h3 Kf6 68. Qe3 h5 69. Kf3 Bd4 
70. Qh6+ Ke7 71. Qd2 Be5 72. Qf2 Qf4+ 73. Ke2 Qg5 74. Qe3 Bf4 75. Qf3 h4 
76. Qg4 Qxg4+ 77. hxg4 Kf6 78. Kf2 Bg5 79. Bh3 Ke5 80. Kf3 Kd4 81. Bf1 Bd2 
82. Ke2 Be3 83. Bg2 Bf4 84. Kf3 Bh6 85. Ke2 Bg5 86. Bh3 f6 87. Bg2 Bc1 
88. Bf1 Bg5 89. Bg2 Bh6 90. Bh3 Bg7 91. Bf1 Bh6 92. Kf2 Kc3 93. Ke2 Kd4 
94. Kf2 Kc3 95. Ke2 Bg5 96. Bh3 Kd4 97. Bg2 1/2-1/2

[Event "Saturday Night Engine Tour 7 Rd Swiss 12m+1s Starts at 2200hrs ST"]
[Site "Infinity Chess"]
[Date "2018.1.6"]
[Round "5"]
[White "Satria_Ungu"]
[Black "MrScience"]
[Result "1/2-1/2"]
[ECO "A04"]
[WhiteElo "2449"]
[BlackElo "2489"]
[WhiteEngine "Houdini 6"]
[BlackEngine "BrainFish_x64_modern"]
[EventType "Swiss"]
[WhiteTeam ""]
[BlackTeam ""]
[PlyCount "190"]
[TimeControl "720+1"]

1. Nf3 c5 2. e4 d6 3. d4 cxd4 4. Nxd4 Nf6 5. Nc3 a6 6. Be3 e5 7. Nb3 Be7 
8. Be2 Be6 9. O-O O-O 10. Qd3 Nc6 11. a3 Nd7 12. Rad1 Nc5 13. Nxc5 dxc5 
14. Qxd8 Rfxd8 15. Nd5 Bxd5 16. exd5 Nd4 17. Bd3 g6 18. c3 Nf5 19. Bxf5 gxf5 
20. f4 e4 21. Kf2 Kg7 22. c4 h5 23. b3 a5 24. Rd2 Bd6 25. Rb1 Rdc8 26. Rc2 Kf6 
27. Bd2 h4 28. Rc3 Rh8 29. Rh3 Ke7 30. Bc3 Rh6 31. Ke3 Kd7 32. g3 Be7 
33. a4 Raa6 34. Be5 Bd8 35. Bg7 Rh7 36. Ba1 Be7 37. Bb2 Rg6 38. Bc3 Rhh6 
39. Rc1 Bd8 40. Be5 Rb6 41. Rb1 Be7 42. Bg7 Rh7 43. Ba1 Rg6 44. Bb2 Rg4 
45. Bc3 Bd8 46. Rg1 Rh5 47. Rh1 Kd6 48. Re1 Kd7 49. Kd2 Rg6 50. Rg1 Kc8 
51. Re1 Kd7 52. Rg1 Bc7 53. Be5 Rg4 54. Rb1 Bd8 55. Ba1 Ke8 56. Ke3 Rg6 
57. Be5 Kd7 58. Rh1 Rg4 59. Rb1 Rg6 60. Re1 Rh7 61. Ra1 Rb6 62. Rb1 Ke8 
63. Bb8 Rbh6 64. Be5 Rg6 65. Ke2 Kd7 66. Rg1 Rg4 67. Kd2 Rh6 68. Bc3 Rhg6 
69. Ke3 Bc7 70. Be5 Bxe5 71. fxe5 f4+ 72. Kxe4 fxg3+ 73. Ke3 Rb6 74. Rb1 g2 
75. Kf2 Rbg6 76. Rg1 Rf4+ 77. Ke2 Re4+ 78. Kf2 Rf4+ 79. Ke2 Rg7 80. Rc3 Re4+ 
81. Kf2 Rf4+ 82. Ke2 Rg5 83. Re3 b6 84. h3 Ke7 85. Ke1 Rg8 86. Ke2 Rf5 
87. Ke1 Rh5 88. Kf2 Rhg5 89. Rf3 Rxe5 90. Rxg2 Rxg2+ 91. Kxg2 Re2+ 92. Rf2 Re3 
93. Rf3 Re2+ 94. Rf2 Re3 95. Rf3 Re2+ 1/2-1/2

[Event "Saturday Night Engine Tour 7 Rd Swiss 12m+1s Starts at 2200hrs ST"]
[Site "Infinity Chess"]
[Date "2018.1.6"]
[Round "4"]
[White "incredible"]
[Black "neófito"]
[Result "1/2-1/2"]
[ECO "C11"]
[WhiteElo "2465"]
[BlackElo "2402"]
[WhiteEngine "stockfish_18010422_x64_bmi2"]
[BlackEngine "BrainFish_180106_x64_bmi2_CTG"]
[EventType "Swiss"]
[WhiteTeam ""]
[BlackTeam ""]
[PlyCount "92"]
[TimeControl "720+1"]

1. e4 e6 2. d4 d5 3. Nc3 Nf6 4. Bg5 dxe4 5. Nxe4 Be7 6. Bxf6 gxf6 7. Nf3 f5 
8. Ng3 c5 9. Bb5+ Kf8 10. Qd2 h5 11. O-O-O Qb6 12. Bc4 Bf6 13. Rhe1 Nc6 
14. Ne2 Bd7 15. c3 cxd4 16. Nexd4 Nxd4 17. Nxd4 Rd8 18. Bb3 Qc7 19. Qe2 a6 
20. Kb1 Kg7 21. Qe3 b5 22. Ne2 h4 23. Nf4 a5 24. Rg1 Kf8 25. g3 Bc8 26. a3 Rxd1+ 
27. Bxd1 hxg3 28. hxg3 Be7 29. Bf3 Qc5 30. Qe2 Qb6 31. Nd3 Bf6 32. g4 fxg4 
33. Rxg4 e5 34. Rg1 b4 35. cxb4 axb4 36. axb4 Rh4 37. Bg4 Ba6 38. Qc2 Bxd3 
39. Qxd3 Qxf2 40. Rf1 Qb6 41. Qf5 Qxb4 42. Qxf6 Qe4+ 43. Ka1 Qa4+ 44. Kb1 Qe4+ 
45. Ka1 Qa4+ 46. Kb1 Qe4+ 1/2-1/2

[Event "Saturday Night Engine Tour 7 Rd Swiss 12m+1s Starts at 2200hrs ST"]
[Site "Infinity Chess"]
[Date "2018.1.6"]
[Round "4"]
[White "Gilgamesch"]
[Black "OlivierEvan"]
[Result "1-0 "]
[ECO "B47"]
[WhiteElo "2462"]
[BlackElo "2366"]
[WhiteEngine "BrainFish_171005_x64_bmi2"]
[BlackEngine "Houdini 6"]
[EventType "Swiss"]
[WhiteTeam ""]
[BlackTeam ""]
[PlyCount "118"]
[TimeControl "720+1"]

1. e4 c5 2. Nf3 e6 3. d4 cxd4 4. Nxd4 Nc6 5. Nc3 Qc7 6. f4 a6 7. Be2 b5 
8. Nxc6 dxc6 9. Be3 Bb7 10. Bf3 c5 11. O-O Be7 12. f5 e5 13. a4 Rd8 14. Qe2 b4 
15. Nd5 Bxd5 16. exd5 Nf6 17. Qxa6 e4 18. Be2 O-O 19. Qc6 Qe5 20. Bf4 Qd4+ 
21. Kh1 Nxd5 22. Rad1 Qf6 23. Qxf6 Bxf6 24. Bc1 Bd4 25. Bc4 e3 26. Rfe1 Nf6 
27. h3 Rde8 28. Rd3 Re4 29. Bb5 c4 30. Bxc4 Bxb2 31. Bxf7+ Kxf7 32. Bxb2 Rc8 
33. Rexe3 Rxe3 34. Rxe3 Rxc2 35. Rb3 Nd5 36. a5 Rc5 37. a6 Ra5 38. Rd3 Ne7 
39. f6 gxf6 40. Rd6 f5 41. Bd4 Ke8 42. a7 Nc8 43. Rd5 Ra4 44. Rb5 Nxa7 
45. Rb8+ Kd7 46. Rb7+ Kc6 47. Rxa7 Ra3 48. Rxh7 b3 49. Rf7 Ra4 50. Bg7 f4 
51. Kg1 Kb6 52. h4 Rb4 53. h5 b2 54. Bxb2 Rxb2 55. Rxf4 Kc6 56. h6 Kd6 
57. h7 Rb8 58. g3 Ke5 59. Rh4 Rh8 1-0

[Event "Saturday Night Engine Tour 7 Rd Swiss 12m+1s Starts at 2200hrs ST"]
[Site "Infinity Chess"]
[Date "2018.1.6"]
[Round "4"]
[White "KillBill2017"]
[Black "Dovahkiin"]
[Result "1/2-1/2"]
[ECO "C11"]
[WhiteElo "2425"]
[BlackElo "2378"]
[WhiteEngine "Raubfisch ME262_GTZ16b1_CTG"]
[BlackEngine "BrainFish_180106_x64_modern_CTG"]
[EventType "Swiss"]
[WhiteTeam ""]
[BlackTeam ""]
[PlyCount "78"]
[TimeControl "720+1"]

1. e4 e6 2. d4 d5 3. Nc3 Nf6 4. e5 Nfd7 5. f4 c5 6. Be3 Nc6 7. Nf3 cxd4 
8. Nxd4 Qb6 9. Qd2 Qxb2 10. Rb1 Qa3 11. Bb5 Nxd4 12. Bxd4 a6 13. Bxd7+ Bxd7 
14. Rb3 Qe7 15. Rxb7 Rc8 16. O-O Qd8 17. f5 exf5 18. Qd3 Bc5 19. Bxc5 Rxc5 
20. Nxd5 Bc8 21. Re7+ Kf8 22. Qa3 Qa5 23. Qxa5 Rxa5 24. Rc7 Be6 25. Nf4 Rxe5 
26. Nxe6+ Rxe6 27. Rxf5 Re7 28. Rc8+ Re8 29. Rfc5 Ke7 30. R8c7+ Kf6 31. Ra7 Re6 
32. Rc3 Rf8 33. Ra3 g6 34. R7xa6 Rxa6 35. Rxa6+ Ke5 36. Ra5+ Ke6 37. Ra6+ Ke5 
38. Ra5+ Ke6 39. Ra6+ Ke5 1/2-1/2

[Event "Saturday Night Engine Tour 7 Rd Swiss 12m+1s Starts at 2200hrs ST"]
[Site "Infinity Chess"]
[Date "2018.1.6"]
[Round "4"]
[White "koalachess"]
[Black "MarioDeMonti"]
[Result "1/2-1/2"]
[ECO "C53"]
[WhiteElo "2273"]
[BlackElo "2437"]
[WhiteEngine "stockfish_8_x64_CTG"]
[BlackEngine "stockfish_x64_bmi2_2017_12_26_CTG"]
[EventType "Swiss"]
[WhiteTeam ""]
[BlackTeam ""]
[PlyCount "45"]
[TimeControl "720+1"]

1. e4 e5 2. Nf3 Nc6 3. Bc4 Bc5 4. c3 Nf6 5. d4 exd4 6. cxd4 Bb4+ 7. Bd2 Nxe4 
8. Bxb4 Nxb4 9. Bxf7+ Kxf7 10. Qb3+ d5 11. Qxb4 Rf8 12. O-O Kg8 13. Nbd2 a5 
14. Qb3 a4 15. Qe3 Ra6 16. Nxe4 dxe4 17. Qxe4 Be6 18. Qd3 Rb6 19. Qc3 Rc6 
20. Qe3 Rb6 21. Qc3 Rc6 22. Qe3 Rb6 23. Qc3 1/2-1/2

[Event "Saturday Night Engine Tour 7 Rd Swiss 12m+1s Starts at 2200hrs ST"]
[Site "Infinity Chess"]
[Date "2018.1.6"]
[Round "4"]
[White "KULLANI"]
[Black "Tiger"]
[Result "1/2-1/2"]
[ECO "D30"]
[WhiteElo "2444"]
[BlackElo "2433"]
[WhiteEngine "Raubfisch ME262_GTZ16b1._CTG"]
[BlackEngine "BrainFish_171111_x64_bmi2"]
[EventType "Swiss"]
[WhiteTeam ""]
[BlackTeam ""]
[PlyCount "69"]
[TimeControl "720+1"]

1. d4 d5 2. c4 e6 3. Nf3 Nf6 4. Nc3 c6 5. Bg5 h6 6. Bxf6 Qxf6 7. e3 Nd7 
8. Be2 g6 9. O-O Bg7 10. e4 dxc4 11. Bxc4 Qe7 12. e5 O-O 13. Re1 Rd8 14. Rc1 b5 
15. Bd3 Bb7 16. Ne4 c5 17. Nxc5 Nxc5 18. dxc5 Qc7 19. h4 b4 20. Qe2 Bxf3 
21. gxf3 Bxe5 22. Qxe5 Qxe5 23. Rxe5 Rxd3 24. c6 Rd5 25. Rxd5 exd5 26. a3 bxa3 
27. c7 Rc8 28. bxa3 Kf8 29. Rc6 Ke7 30. Kf1 d4 31. Ke2 Kd7 32. Rf6 Ke7 
33. Rc6 Kd7 34. Rf6 Ke7 35. Rc6 1/2-1/2